 Dungeon Crawl Stone Soup version 0.24-a0-114-g5d539f0 (console) character file.

Game seed: 8286603418496173230

22 Duffy the Chopper (level 2, -7/26 HPs)
             Began as a Naga Gladiator on Feb 15, 2019.
             Mangled by a hobgoblin
             ... wielding a +0 club
             ... led by Robin
              (8 damage)
             ... on level 2 of the Dungeon.
             The game lasted 00:00:23 (262 turns).

Duffy the Chopper (Naga Gladiator)                   Turns: 262, Time: 00:00:24

Health: -7/26      AC:  3    Str: 16    XL:     2   Next: 91%
Magic:  2/2        EV: 10    Int:  8    God:
Gold:   12         SH:  0    Dex: 12    Spells: 1/1 levels left

rFire    . . .     SeeInvis +   a - +0 war axe
rCold    . . .     Gourm    .   (no shield)
rNeg     + . .     Faith    .   b - +0 leather armour
rPois    +         Spirit   .   c - +0 helmet
rElec    .         Reflect  .   (no cloak)
rCorr    .         Harm     .   (no gloves)
MR       .....                  (no barding)
Stlth    +.........             (no amulet)
HPRegen  0.08/turn              e - ring of positive energy
MPRegen  0.08/turn              (no ring)

@: short of breath, very slow
A: large, see invisible, deformed body, poison resistance, slowness 2, slow
metabolism 1, spit poison 1, AC +0
a: Spit Poison


You were on level 2 of the Dungeon.
You were not hungry.

You visited 1 branch of the dungeon, and saw 2 of its levels.

You collected 12 gold pieces.

Inventory:

Hand Weapons
 a - a +0 war axe (weapon)
Missiles
 d - 3 throwing nets (quivered)
Armour
 b - a +0 leather armour (worn)
 c - a +0 helmet (worn)
Jewellery
 e - a ring of positive energy (left hand)
Comestibles
 f - 2 rations
 g - 4 chunks of flesh


   Skills:
 - Level 2.0 Fighting
 + Level 4.0 Axes
 - Level 1.7 Throwing
 - Level 2.4 Dodging


You had one spell level left.
You didn't know any spells.
Your spell library was empty.

Dungeon Overview and Level Annotations

Branches:
Dungeon (2/15)

Altars:

Annotations:
D:2 Robin


Innate Abilities, Weirdness & Mutations

You cannot wear boots.
Your serpentine skin is tough. (AC +0)
You have supernaturally acute eyesight. (SInv)
Armour fits poorly on your strangely shaped body.
Your system is resistant to poisons. (rPois)
You cover ground very slowly.
You have a slow metabolism.
You can spit poison.


Message History

The goblin hits you.
You barely miss the goblin.
You have got your breath back.
The goblin misses you.
You barely miss the goblin. The goblin hits you.
Press: ? - help, Shift-Dir - straight line, f - goblin
Aim: a goblin (unusually strong)
The splash of poison hits the goblin.
The goblin is poisoned.
You kill the goblin!
You feel slightly more hungry.
You hit the hobgoblin but do no damage.
The hobgoblin no longer looks unusually strong.
The hobgoblin barely misses you.
The hobgoblin hits you but does no damage.
You slash the hobgoblin!
You kill the hobgoblin!
Robin says, "My goblins will feast on your bones."
Robin throws the goblin at you! The goblin closely misses you.
The hobgoblin hits you with a +0 club!
You die...

#.........#
#######.#######.#
#...........# #.# ##
##.####..###.###.###
.#
.........###....)g(#
.#.
#.##.....######g#.#
..^ #....## #(#(#
##. #.#..#######g#g#
7 #.#......g@g.#.# 7
..#.##########g# 7
####'##


ggg 7 ##...## ggg 7 ##.....## gg. 7### ##.......## ..... .'.###%.....)..#
7#...'.........+ 7#####.........# You could see Robin, a hobgoblin and a goblin.

Vanquished Creatures
  A worm (D:2)
  3 giant cockroaches (D:2)
  8 goblins (D:2)
  2 hobgoblins (D:2)
  A ball python (D:2)
  A rat (D:2)
16 creatures vanquished.

Notes
Turn   | Place    | Note
-------+----------+-------------------------------------------
     0 | D:1      | Duffy the Naga Gladiator began the quest for the Orb.
     0 | D:1      | Reached XP level 1. HP: 19/19 MP: 1/1
   209 | D:2      | Reached XP level 2. HP: 26/26 MP: 2/2
   228 | D:2      | Noticed Robin
   256 | D:2      | Reached skill level 4 in Axes
   262 | D:2      | HP: 1/26 [Robin/goblin (2)]
   262 | D:2      | Mangled by a hobgoblin

Levels and vault maps discovered:
D:1:      shiori_arrival_maze, layout_basic
D:2:      layout_loops_corners, overflow_temple_1_default, roderic_lattice_a,
          kennysheep_path_1, uniq_robin

Skill      XL: |  1  2 |
---------------+-------+-----
Axes           | 4 |  4.0
Fighting       | |  2.0
Throwing       | |  1.7
Dodging        | |  2.4

Action                   || total
-------------------------++-------
Melee: War axe           ||    33
 Abil: Spit Poison       ||     5
 Stab: Distracted        ||     1
Armor: Leather armour    ||     7
Dodge: Dodged            ||    20

Table legend:
 A = Non-vault XP
 B = Vault XP
 C = Vault XP percentage of total XP
 D = Non-vault monster count
 E = Vault monster count
 F = Vault count percentage of total count
                 A         B        C        D         E       F
            +---------+---------+-------+---------+---------+-------
      Total |      13 |      19 |  59.4 |       6 |      10 |  62.5
            +---------+---------+-------+---------+---------+-------
        D:2 |      13 |      19 |  59.4 |       6 |      10 |  62.5
            +---------+---------+-------+---------+---------+-------
